Calgary Flames vs Chicago Black Hawks
(R1)
Created - Saturday, August 23, 2025 at 09:21
Goals
|
| Calgary Flames |
0 |
1 |
0 |
1 |
| Chicago Black Hawks |
2 |
1 |
2 |
5 |
|
Shots
|
| Calgary Flames |
8 |
13 |
2 |
23 |
| Chicago Black Hawks |
15 |
8 |
13 |
36 |
|
1st period
1. Chicago Black Hawks , Lucas Raymond 6 (Leo Carlsson 7) at 14:05 (PP)
2. Chicago Black Hawks , Trevor Zegras 7 (Christopher Tanev 7) at 18:52 (PP)
Penalties :
Matthew Tkachuk (CGY) for Cross-checking (Minor) at 4:39, Sebastian Aho (CGY) for Roughing (Minor) at 11:56, Joel Eriksson Ek (CGY) for Cross-checking (Minor) at 12:44, Matthew Tkachuk (CGY) for Tripping (Minor) at 18:24
2nd period
3. Calgary Flames , Sebastian Aho 5 (Bo Horvat 12, Zach Hyman 8) at 6:06
4. Chicago Black Hawks , Simon Holmstrom 7 (Trevor Zegras 13) at 6:32
Penalties :
Trevor Zegras (CHI) for Hooking (Minor) at 1:47, Justin Faulk (CHI) for Tripping (Minor) at 9:35, Kris Letang (CGY) for Hooking (Minor) at 13:33
3rd period
5. Chicago Black Hawks , Justin Faulk 1 (Oliver Bjorkstrand 3, Lucas Raymond 12) at 0:16
6. Chicago Black Hawks , Barrett Hayton 10 (Simon Holmstrom 8) at 4:09 (PP)
Penalties :
Noah Dobson (CHI) for Tripping (Minor) at 1:25, Jeremy Lauzon (CGY) for High sticking (Double Minor) at 2:59, Drew Doughty (CGY) for Hooking (Minor) at 4:12, Cole Sillinger (CHI) for Hooking (Minor) at 6:39, Justin Faulk (CHI) for Tripping (Minor) at 12:55, Matthew Tkachuk (CGY) for Holding (Minor) at 18:28
Goalie Stats
Anton Forsberg (CGY), 31 saves from 36 shots - (0.861), L, 4-3-0, 60:00 minutes
Adin Hill (CHI), 22 saves from 23 shots - (0.957), W, 3-2-2, 60:00 minutes
Players Stats for Calgary Flames
Player Name G A P +/- PIM S H SB GA TA FO MP PP MP PK MP
------------------------------------------------------------------------------------
Alec Martinez 0 0 0 0 0 0 0 3 0 0 0/0 16:41 0:00 6:04
Ben Meyers 0 0 0 0 0 0 0 0 0 0 0/0 7:20 0:00 0:00
Bo Horvat 0 1 1 1 0 4 0 0 1 1 14/23 21:52 4:39 5:48
Cale Makar 0 0 0 -1 0 4 1 0 1 0 0/0 25:46 4:24 5:55
Chris Kreider 0 0 0 -2 0 0 1 0 0 0 1/1 14:32 4:51 0:00
Drew Doughty 0 0 0 0 2 0 0 2 0 1 0/0 23:45 5:06 4:27
Filip Hronek 0 0 0 0 0 0 1 0 0 0 0/0 12:40 0:00 0:13
J.T. Miller 0 0 0 -2 0 5 1 0 0 1 12/26 19:08 4:51 3:28
Jeremy Lauzon 0 0 0 0 4 0 2 0 0 0 0/0 16:33 5:05 0:03
Joel Eriksson Ek 0 0 0 0 2 2 1 0 1 0 2/6 14:05 0:00 3:19
Kris Letang 0 0 0 -1 2 0 2 1 0 0 0/0 25:11 4:24 5:06
Mathieu Joseph 0 0 0 -2 0 0 1 0 0 0 0/0 14:31 4:50 0:00
Matthew Tkachuk 0 0 0 0 6 0 0 0 0 0 0/0 11:35 0:00 1:17
Nic Dowd 0 0 0 0 0 1 1 2 0 0 3/4 7:35 0:01 0:00
Nick Paul 0 0 0 0 0 0 1 0 1 0 0/0 7:20 0:00 0:00
Pavel Zacha 0 0 0 0 0 0 0 0 0 0 0/0 9:38 0:00 0:00
Sebastian Aho 1 0 1 1 2 5 1 0 1 0 1/1 21:11 4:39 4:43
Zach Hyman 0 1 1 1 0 2 1 0 0 0 0/1 16:04 4:39 0:00
Players Stats for Chicago Black Hawks
Player Name G A P +/- PIM S H SB GA TA FO MP PP MP PK MP
------------------------------------------------------------------------------------
Barrett Hayton 1 0 1 0 0 7 3 0 0 0 9/21 20:52 5:46 4:48
Bobby Brink 0 0 0 0 0 2 1 0 0 0 1/1 11:46 0:00 0:00
Brett Howden 0 0 0 0 0 0 0 0 0 0 0/0 6:49 0:00 0:00
Christopher Tanev 0 1 1 1 0 1 1 1 0 1 0/0 30:36 6:41 5:18
Cole Sillinger 0 0 0 0 2 0 5 0 0 0 0/0 6:56 0:00 0:00
David Jiricek 0 0 0 1 0 0 1 0 0 0 0/0 18:16 0:06 5:02
Jonas Brodin 0 0 0 0 0 1 2 1 0 0 0/0 18:08 3:21 2:16
Justin Faulk 1 0 1 1 4 4 1 1 0 1 0/0 24:03 5:53 2:04
Leo Carlsson 0 1 1 1 0 3 1 1 0 1 12/22 20:18 5:07 4:35
Lucas Raymond 1 1 2 1 0 5 1 1 1 1 0/0 15:49 5:07 0:07
Matthew Beniers 0 0 0 0 0 3 1 0 0 0 4/5 12:09 0:00 0:00
Morgan Frost 0 0 0 0 0 1 1 0 0 0 1/4 7:04 0:00 0:07
Noah Cates 0 0 0 0 0 1 2 1 0 1 0/1 11:46 0:00 0:00
Noah Dobson 0 0 0 -1 2 1 0 3 0 0 0/0 22:50 5:00 4:20
Oliver Bjorkstrand 0 1 1 1 0 2 0 0 0 0 0/0 21:19 5:46 4:48
Ryan Lindgren 0 0 0 0 0 1 0 1 0 0 0/0 6:35 1:24 0:00
Simon Holmstrom 1 1 2 0 0 2 2 1 1 0 2/7 19:28 5:07 4:35
Trevor Zegras 1 1 2 0 2 2 2 1 1 0 0/1 15:16 5:07 0:00
3 Stars
1 - Lucas Raymond (CHI)
2 - Simon Holmstrom (CHI)
3 - Trevor Zegras (CHI)
Power Play
Calgary Flames - 0 on 5 Attempt(s) - 0.00%
Chicago Black Hawks - 3 on 9 Attempt(s) - 33.33%
Penalty Kill
Calgary Flames - 6 on 9 Attempt(s) - 66.67%
- Score 0 goal in Penalty Kill
Chicago Black Hawks - 5 on 5 Attempt(s) - 100.00%
- Score 0 goal in Penalty Kill
Team Stat
Calgary Flames - Hits : 14 - Faceoff Wins : 33 - Blocked Shots : 8 - Penalty Minutes : 18
Chicago Black Hawks - Hits : 24 - Faceoff Wins : 29 - Blocked Shots : 12 - Penalty Minutes : 10
Official
Referees : Gord Dwyer and Jordan Samuels
Linesman : Unknown
Game Notes
Ryan Lindgren is injured at 1:24 of 2nd period (Right Hip)
4:47 of 3rd period - Chicago Black Hawks goal is going for a video replay. After video review, No Goal. The referee deems the play has been stopped, even if he had not physically had the opportunity to stop play by blowing his whistle.
Finance
Level 1 -- Attendance: 4539 (75.65%) -- Ticket Income $453,900
Level 2 -- Attendance: 3896 (77.92%) -- Ticket Income $233,760
Level 3 -- Attendance: 2450 (81.67%) -- Ticket Income $85,750
Level 4 -- Attendance: 3732 (74.64%) -- Ticket Income $93,300
Luxury Box -- Attendance: 711 (71.10%) -- Ticket Income $142,200
Game was played at the United Center.
Total Attendance: 15328 (76.64%)
Total Ticket Income: $1,008,910
Other Income: $353,118
Total Income: $1,362,028
Calgary Flames
5 vs 5 Forward
Center Left Wing Right Wing Time % Phy DF OF
1 Bo Horvat Sebastian Aho Zach Hyman 30 1 2 2
2 J.T. Miller Chris Kreider Mathieu Joseph 30 1 2 2
3 Joel Eriksson Ek Matthew Tkachuk Pavel Zacha 25 1 2 2
4 Nic Dowd Nick Paul Ben Meyers 15 1 2 2
5 vs 5 Defense
Defense Defense Time % Phy DF OF
1 Cale Makar Kris Letang 35 1 2 2
2 Filip Hronek Drew Doughty 35 1 2 2
3 Jeremy Lauzon Alec Martinez 30 1 2 2
4 Cale Makar Kris Letang 0 1 2 2
PowerPlay Forward
Center Left Wing Right Wing Time % Phy DF OF
1 Bo Horvat Sebastian Aho Zach Hyman 50 1 2 2
2 J.T. Miller Chris Kreider Mathieu Joseph 50 1 2 2
PowerPlay Defense
Defense Defense Time % Phy DF OF
1 Cale Makar Kris Letang 50 1 2 2
2 Jeremy Lauzon Drew Doughty 50 1 2 2
Penalty Kill 4 Players Forward
Center Wing Time % Phy DF OF
1 Bo Horvat Sebastian Aho 50 1 2 2
2 J.T. Miller Joel Eriksson Ek 50 1 2 2
Penalty Kill 4 Players Defense
Defense Defense Time % Phy DF OF
1 Cale Makar Kris Letang 50 1 2 2
2 Alec Martinez Drew Doughty 50 1 2 2
Penalty Kill - 3 Players Forward
Forward Time % Phy DF OF
1 Bo Horvat 50 1 2 2
2 Sebastian Aho 50 1 2 2
Penalty Kill - 3 Players Defense
Defense Defense Time % Phy DF OF
1 Cale Makar Kris Letang 50 1 2 2
2 Alec Martinez Drew Doughty 50 1 2 2
4 vs 4 Forward
Center Wing Time % Phy DF OF
1 Bo Horvat Sebastian Aho 50 1 2 2
2 J.T. Miller Joel Eriksson Ek 50 1 2 2
4 vs 4 Defense
Defense Defense Time % Phy DF OF
1 Cale Makar Kris Letang 50 1 2 2
2 Jeremy Lauzon Drew Doughty 50 1 2 2
Last Minutes Offensive
Center Left Wing Right Wing Defense Defense
Bo Horvat Sebastian Aho Zach Hyman Cale Makar Kris Letang
Last Minutes Defensive
Center Left Wing Right Wing Defense Defense
Bo Horvat Sebastian Aho Zach Hyman Cale Makar Kris Letang
Goaltenders
Starting : Anton Forsberg
Backup : Ilya Sorokin
Extra Forwards
Normal : Nic Dowd, Ben Meyers, Matthew Tkachuk - PP : Nic Dowd, Ben Meyers - PK : Matthew Tkachuk
Extra Defensemen
Normal : Jeremy Lauzon, Alec Martinez, Kris Letang - PP : Jeremy Lauzon - PK : Alec Martinez, Cale Makar
Penalty Shots
Bo Horvat, Sebastian Aho, J.T. Miller, Joel Eriksson Ek, Zach Hyman
Scratches
Angus Crookshank (Healthy)
Chicago Black Hawks
5 vs 5 Forward
Center Left Wing Right Wing Time % Phy DF OF
1 Leo Carlsson Lucas Raymond Oliver Bjorkstrand 30 1 2 2
2 Barrett Hayton Simon Holmstrom Trevor Zegras 30 1 2 2
3 Matthew Beniers Noah Cates Bobby Brink 25 1 2 2
4 Morgan Frost Brett Howden Cole Sillinger 15 1 2 2
5 vs 5 Defense
Defense Defense Time % Phy DF OF
1 Justin Faulk Christopher Tanev 30 1 2 2
2 Noah Dobson Ryan Lindgren 30 1 2 2
3 Jonas Brodin David Jiricek 25 1 2 2
4 Justin Faulk Christopher Tanev 15 1 2 2
PowerPlay Forward
Center Left Wing Right Wing Time % Phy DF OF
1 Leo Carlsson Lucas Raymond Oliver Bjorkstrand 50 1 2 2
2 Barrett Hayton Simon Holmstrom Trevor Zegras 50 1 2 2
PowerPlay Defense
Defense Defense Time % Phy DF OF
1 Justin Faulk Christopher Tanev 50 1 2 2
2 Noah Dobson Ryan Lindgren 50 1 2 2
Penalty Kill 4 Players Forward
Center Wing Time % Phy DF OF
1 Simon Holmstrom Leo Carlsson 50 1 2 2
2 Barrett Hayton Oliver Bjorkstrand 50 1 2 2
Penalty Kill 4 Players Defense
Defense Defense Time % Phy DF OF
1 Justin Faulk Christopher Tanev 50 1 2 2
2 Noah Dobson Ryan Lindgren 50 1 2 2
Penalty Kill - 3 Players Forward
Forward Time % Phy DF OF
1 Oliver Bjorkstrand 50 1 2 2
2 Leo Carlsson 50 1 2 2
Penalty Kill - 3 Players Defense
Defense Defense Time % Phy DF OF
1 Justin Faulk Christopher Tanev 50 1 2 2
2 Noah Dobson Ryan Lindgren 50 1 2 2
4 vs 4 Forward
Center Wing Time % Phy DF OF
1 Matthew Beniers Leo Carlsson 50 1 2 2
2 Barrett Hayton Oliver Bjorkstrand 50 1 2 2
4 vs 4 Defense
Defense Defense Time % Phy DF OF
1 Justin Faulk Christopher Tanev 50 1 2 2
2 Noah Dobson Ryan Lindgren 50 1 2 2
Last Minutes Offensive
Center Left Wing Right Wing Defense Defense
Leo Carlsson Lucas Raymond Oliver Bjorkstrand Justin Faulk Christopher Tanev
Last Minutes Defensive
Center Left Wing Right Wing Defense Defense
Leo Carlsson Lucas Raymond Oliver Bjorkstrand Justin Faulk Christopher Tanev
Goaltenders
Starting : Adin Hill
Backup : Filip Gustavsson
Extra Forwards
Normal : Cole Sillinger, Matthew Beniers, Morgan Frost - PP : Cole Sillinger, Matthew Beniers - PK : Morgan Frost
Extra Defensemen
Normal : Jonas Brodin, David Jiricek, Noah Dobson - PP : Jonas Brodin - PK : David Jiricek, Noah Dobson
Penalty Shots
Cole Sillinger, Leo Carlsson, Barrett Hayton, Oliver Bjorkstrand, Simon Holmstrom
Scratches
Joseph Veleno (Healthy), Simon Nemec (Healthy), Eeli Tolvanen (Healthy), Antonio Stranges (Healthy), Jesper Wallstedt (Healthy)
% Time on Ice - Calgary Flames
Lines # - Real PCT - Wanted PCT - Time Play
Normal Forward
1 - 29% - 30% - 11:25
2 - 28% - 30% - 10:49
3 - 25% - 25% - 9:38
4 - 19% - 15% - 7:20
Normal Defense
1 - 36% - 35% - 14:17
2 - 35% - 35% - 13:41
3 - 26% - 30% - 10:09
4 - 3% - 0% - 1:05
PP Forward
1 - 49% - 50% - 4:39
2 - 51% - 50% - 4:51
PP Defense
1 - 46% - 50% - 4:24
2 - 54% - 50% - 5:06
PK Forward
1 - 54% - 50% - 4:13
2 - 46% - 50% - 3:33
PK Defense
1 - 59% - 50% - 4:36
2 - 41% - 50% - 3:10
PK3 Forward
1 - 51% - 50% - 1:35
2 - 49% - 50% - 1:32
PK3 Defense
1 - 29% - 50% - 0:54
2 - 71% - 50% - 2:13
44 Forward
1 - 0% - 50% - 0:00
2 - 100% - 50% - 0:25
44 Defense
1 - 100% - 50% - 0:25
2 - 0% - 50% - 0:00
Last Minute Offensive - 0:00
Last Minute Defensive - 0:00
Total
Forward - 60:00
Defense - 60:00
|
% Time on Ice - Chicago Black Hawks
Lines # - Real PCT - Wanted PCT - Time Play
Normal Forward
1 - 26% - 30% - 10:13
2 - 27% - 30% - 10:31
3 - 30% - 25% - 11:46
4 - 17% - 15% - 6:42
Normal Defense
1 - 31% - 30% - 12:00
2 - 43% - 30% - 16:49
3 - 19% - 25% - 7:19
4 - 8% - 15% - 3:04
PP Forward
1 - 47% - 50% - 5:07
2 - 53% - 50% - 5:46
PP Defense
1 - 54% - 50% - 5:53
2 - 46% - 50% - 5:00
PK Forward
1 - 48% - 50% - 4:35
2 - 52% - 50% - 4:55
PK Defense
1 - 40% - 50% - 3:48
2 - 60% - 50% - 5:42
PK3 Forward
1 - 0% - 50%
2 - 0% - 50%
PK3 Defense
1 - 0% - 50%
2 - 0% - 50%
44 Forward
1 - 92% - 50% - 0:23
2 - 8% - 50% - 0:02
44 Defense
1 - 0% - 50% - 0:00
2 - 100% - 50% - 0:25
Last Minute Offensive - 0:00
Last Minute Defensive - 0:00
Total
Forward - 60:00
Defense - 60:00
|
Play-by-Play
1st period
0:01 of 1st period - Leo Carlsson wins face-off versus Bo Horvat in neutral zone.
0:57 of 1st period - Snap shot by Matthew Beniers.
0:57 of 1st period - Stopped by Anton Forsberg with a rebound.
0:59 of 1st period - Snap shot by Noah Cates.
0:59 of 1st period - Deflect By Matthew Beniers.
0:59 of 1st period - Shot Misses the Net.
0:59 of 1st period - Puck is out of play.
1:00 of 1st period - Nic Dowd wins face-off versus Morgan Frost in Calgary Flames zone.
1:26 of 1st period - Ben Meyers is hit by David Jiricek and loses puck.
1:35 of 1st period - Noah Cates is hit by Filip Hronek and loses puck.
2:00 of 1st period - Backhand shot by Joel Eriksson Ek.
2:00 of 1st period - Stopped by Adin Hill with a rebound.
2:02 of 1st period - Slapshot by Matthew Tkachuk.
2:02 of 1st period - Shot Misses the Net.
2:37 of 1st period - Jeremy Lauzon is hit by Morgan Frost and loses puck.
3:13 of 1st period - Bo Horvat is hit by Lucas Raymond and loses puck.
4:07 of 1st period - Snap shot by Noah Cates.
4:07 of 1st period - Shot Blocked by Nic Dowd.
4:09 of 1st period - Snap shot by Matthew Beniers.
4:09 of 1st period - Shot Misses the Net.
4:29 of 1st period - Slapshot by Matthew Tkachuk.
4:29 of 1st period - Shot Misses the Net.
4:39 of 1st period - Minor Penalty to Matthew Tkachuk for Cross-checking.
4:40 of 1st period - Bo Horvat wins face-off versus Leo Carlsson in Calgary Flames zone.
4:57 of 1st period - Icing by Oliver Bjorkstrand.
4:58 of 1st period - Bo Horvat wins face-off versus Leo Carlsson in Chicago Black Hawks zone.
5:15 of 1st period - Wrist shot by Bo Horvat.
5:15 of 1st period - Shot Blocked by Justin Faulk.
5:33 of 1st period - Snap shot by Simon Holmstrom.
5:33 of 1st period - Shot Blocked by Drew Doughty.
5:47 of 1st period - Joel Eriksson Ek is hit by Justin Faulk and loses puck.
6:02 of 1st period - Sebastian Aho is hit by Simon Holmstrom and loses puck.
6:07 of 1st period - Snap shot by Barrett Hayton.
6:07 of 1st period - Stopped by Anton Forsberg with a rebound.
6:09 of 1st period - Wrist shot by Simon Holmstrom.
6:09 of 1st period - Shot Misses the Net.
6:15 of 1st period - Slapshot by Simon Holmstrom.
6:15 of 1st period - Stopped by Anton Forsberg with a rebound.
6:31 of 1st period - Snap shot by Simon Holmstrom.
6:31 of 1st period - Shot Misses the Net.
6:33 of 1st period - Snap shot by Barrett Hayton.
6:33 of 1st period - Shot Misses the Net.
6:35 of 1st period - Slapshot by Simon Holmstrom.
6:35 of 1st period - Shot Misses the Net.
6:37 of 1st period - Slapshot by Justin Faulk.
6:37 of 1st period - Shot Misses the Net.
6:39 of 1st period - Penalty to Matthew Tkachuk is over, Matthew Tkachuk is back on ice.
6:39 of 1st period - Wrist shot by Barrett Hayton.
6:39 of 1st period - Stopped by Anton Forsberg with a rebound.
6:45 of 1st period - Snap shot by Barrett Hayton.
6:45 of 1st period - Shot Blocked by Alec Martinez.
6:49 of 1st period - Snap shot by Barrett Hayton.
6:49 of 1st period - Shot Blocked by Drew Doughty.
6:51 of 1st period - Slapshot by Justin Faulk.
6:51 of 1st period - Stopped by Anton Forsberg with a rebound.
7:17 of 1st period - Wrist shot by Barrett Hayton.
7:17 of 1st period - Shot Blocked by Alec Martinez.
7:19 of 1st period - Slapshot by Christopher Tanev.
7:19 of 1st period - Deflect By Barrett Hayton.
7:19 of 1st period - Stopped by Anton Forsberg with a rebound.
7:21 of 1st period - Snap shot by Barrett Hayton.
7:21 of 1st period - Stopped by Anton Forsberg without a rebound.
7:22 of 1st period - Nic Dowd wins face-off versus Leo Carlsson in Calgary Flames zone.
7:26 of 1st period - Off-side.
7:27 of 1st period - Leo Carlsson wins face-off versus Nic Dowd in neutral zone.
7:52 of 1st period - Wrist shot by Bo Horvat.
7:52 of 1st period - Stopped by Adin Hill with a rebound.
7:54 of 1st period - Slapshot by Cale Makar.
7:54 of 1st period - Stopped by Adin Hill with a rebound.
7:56 of 1st period - Slapshot by Cale Makar.
7:56 of 1st period - Shot Misses the Net.
7:58 of 1st period - Backhand shot by Cale Makar.
7:58 of 1st period - Deflect By Bo Horvat.
7:58 of 1st period - Stopped by Adin Hill with a rebound.
8:00 of 1st period - Slapshot by Cale Makar.
8:00 of 1st period - Stopped by Adin Hill with a rebound.
8:02 of 1st period - Slapshot by Sebastian Aho.
8:02 of 1st period - Shot Misses the Net.
8:12 of 1st period - Snap shot by J.T. Miller.
8:12 of 1st period - Deflect By Matthew Beniers.
8:12 of 1st period - Stopped by Adin Hill without a rebound.
8:13 of 1st period - J.T. Miller wins face-off versus Leo Carlsson in Chicago Black Hawks zone.
8:14 of 1st period - Wrist shot by Chris Kreider.
8:14 of 1st period - Deflect By J.T. Miller.
8:14 of 1st period - Stopped by Adin Hill with a rebound.
8:16 of 1st period - Slapshot by J.T. Miller.
8:16 of 1st period - Shot Misses the Net.
8:18 of 1st period - Wrist shot by Chris Kreider.
8:18 of 1st period - Deflect By J.T. Miller.
8:18 of 1st period - Shot Blocked by Lucas Raymond.
8:18 of 1st period - Puck is out of play.
8:19 of 1st period - Leo Carlsson wins face-off versus J.T. Miller in Chicago Black Hawks zone.
8:19 of 1st period - Leo Carlsson is hit by Jeremy Lauzon.
8:51 of 1st period - Snap shot by Sebastian Aho.
8:51 of 1st period - Shot Misses the Net.
9:05 of 1st period - Backhand shot by Matthew Tkachuk.
9:05 of 1st period - Deflect By Joel Eriksson Ek.
9:05 of 1st period - Shot Misses the Net.
9:05 of 1st period - Puck is out of play.
9:06 of 1st period - Matthew Beniers wins face-off versus Joel Eriksson Ek in Chicago Black Hawks zone.
9:19 of 1st period - Snap shot by Matthew Beniers.
9:19 of 1st period - Deflect By Bobby Brink.
9:19 of 1st period - Stopped by Anton Forsberg without a rebound.
9:20 of 1st period - Bo Horvat wins face-off versus Trevor Zegras in Calgary Flames zone.
9:30 of 1st period - Bo Horvat is hit by Trevor Zegras.
9:34 of 1st period - Slapshot by Bo Horvat.
9:34 of 1st period - Shot Misses the Net.
10:08 of 1st period - Off-side.
10:09 of 1st period - Matthew Beniers wins face-off versus J.T. Miller in neutral zone.
10:34 of 1st period - Sebastian Aho is hit by Barrett Hayton and loses puck.
11:23 of 1st period - David Jiricek is hit by Nick Paul and loses puck.
11:56 of 1st period - Minor Penalty to Sebastian Aho for Roughing.
11:57 of 1st period - J.T. Miller wins face-off versus Leo Carlsson in Calgary Flames zone.
12:26 of 1st period - Slapshot by J.T. Miller.
12:26 of 1st period - Shot Blocked by Simon Holmstrom.
12:44 of 1st period - Minor Penalty to Joel Eriksson Ek for Cross-checking.
12:45 of 1st period - Bo Horvat wins face-off versus Leo Carlsson in Calgary Flames zone.
13:11 of 1st period - Matthew Tkachuk is hit by Barrett Hayton and loses puck.
13:38 of 1st period - Snap shot by Bo Horvat.
13:38 of 1st period - Stopped by Adin Hill without a rebound.
13:39 of 1st period - Bo Horvat wins face-off versus Barrett Hayton in Chicago Black Hawks zone.
13:46 of 1st period - Wrist shot by Trevor Zegras.
13:46 of 1st period - Stopped by Anton Forsberg with a rebound.
13:48 of 1st period - Slapshot by Justin Faulk.
13:48 of 1st period - Stopped by Anton Forsberg without a rebound.
13:49 of 1st period - Bo Horvat wins face-off versus Barrett Hayton in Calgary Flames zone.
13:56 of 1st period - Penalty to Sebastian Aho is over, Sebastian Aho is back on ice.
13:57 of 1st period - Off-side.
13:58 of 1st period - Leo Carlsson wins face-off versus J.T. Miller in neutral zone.
14:05 of 1st period - Wrist shot by Lucas Raymond.
14:05 of 1st period - Goal by Lucas Raymond - Calgary Flames : 0 - Chicago Black Hawks : 1.
14:06 of 1st period - Barrett Hayton wins face-off versus Bo Horvat in neutral zone.
14:33 of 1st period - Kris Letang is hit by Noah Cates and loses puck.
14:44 of 1st period - Snap shot by Matthew Beniers.
14:44 of 1st period - Stopped by Anton Forsberg with a rebound.
15:00 of 1st period - Snap shot by Chris Kreider.
15:00 of 1st period - Shot Blocked by Noah Dobson.
16:21 of 1st period - Wrist shot by Leo Carlsson.
16:21 of 1st period - Shot Misses the Net.
16:23 of 1st period - Wrist shot by Leo Carlsson.
16:23 of 1st period - Stopped by Anton Forsberg without a rebound.
16:24 of 1st period - Bo Horvat wins face-off versus Leo Carlsson in Calgary Flames zone.
16:56 of 1st period - Icing by Mathieu Joseph.
16:57 of 1st period - J.T. Miller wins face-off versus Barrett Hayton in Calgary Flames zone.
18:14 of 1st period - Slapshot by Barrett Hayton.
18:14 of 1st period - Shot Misses the Net.
18:16 of 1st period - Slapshot by Ryan Lindgren.
18:16 of 1st period - Stopped by Anton Forsberg with a rebound.
18:24 of 1st period - Minor Penalty to Matthew Tkachuk for Tripping.
18:25 of 1st period - Leo Carlsson wins face-off versus Bo Horvat in Calgary Flames zone.
18:52 of 1st period - Snap shot by Trevor Zegras.
18:52 of 1st period - Goal by Trevor Zegras - Calgary Flames : 0 - Chicago Black Hawks : 2.
18:53 of 1st period - Barrett Hayton wins face-off versus Zach Hyman in neutral zone.
19:25 of 1st period - Slapshot by Matthew Tkachuk.
19:25 of 1st period - Shot Misses the Net.
19:49 of 1st period - Matthew Beniers is hit by Chris Kreider and loses puck.
Goals for this period are 0 for Calgary Flames vs 2 for Chicago Black Hawks.
Shots for this period are 8 for Calgary Flames vs 15 for Chicago Black Hawks.
2nd period
0:01 of 2nd period - Barrett Hayton wins face-off versus Bo Horvat in neutral zone.
1:07 of 2nd period - Filip Hronek is hit by Noah Cates and loses puck.
1:22 of 2nd period - Snap shot by Nic Dowd.
1:22 of 2nd period - Shot Misses the Net.
1:24 of 2nd period - Slapshot by Filip Hronek.
1:24 of 2nd period - Shot Blocked by Ryan Lindgren.
1:24 of 2nd period - Ryan Lindgren from Chicago Black Hawks is injured at 1:24 of 2nd period (Right Hip).
1:25 of 2nd period - Barrett Hayton wins face-off versus Bo Horvat in Chicago Black Hawks zone.
1:47 of 2nd period - Minor Penalty to Trevor Zegras for Hooking.
1:48 of 2nd period - Bo Horvat wins face-off versus Simon Holmstrom in Chicago Black Hawks zone.
1:59 of 2nd period - Snap shot by Bo Horvat.
1:59 of 2nd period - Shot Misses the Net.
2:01 of 2nd period - Snap shot by Sebastian Aho.
2:01 of 2nd period - Shot Misses the Net.
2:03 of 2nd period - Wrist shot by Sebastian Aho.
2:03 of 2nd period - Stopped by Adin Hill without a rebound.
2:04 of 2nd period - J.T. Miller wins face-off versus Barrett Hayton in Chicago Black Hawks zone.
2:55 of 2nd period - Snap shot by Zach Hyman.
2:55 of 2nd period - Stopped by Adin Hill without a rebound.
2:56 of 2nd period - Bo Horvat wins face-off versus Simon Holmstrom in Chicago Black Hawks zone.
2:57 of 2nd period - Wrist shot by Zach Hyman.
2:57 of 2nd period - Stopped by Adin Hill with a rebound.
2:59 of 2nd period - Wrist shot by Zach Hyman.
2:59 of 2nd period - Shot Blocked by Noah Dobson.
3:01 of 2nd period - Wrist shot by Sebastian Aho.
3:01 of 2nd period - Stopped by Adin Hill without a rebound.
3:02 of 2nd period - Bo Horvat wins face-off versus Simon Holmstrom in Chicago Black Hawks zone.
3:03 of 2nd period - Snap shot by Sebastian Aho.
3:03 of 2nd period - Shot Misses the Net.
3:05 of 2nd period - Wrist shot by Sebastian Aho.
3:05 of 2nd period - Shot Misses the Net.
3:07 of 2nd period - Snap shot by Zach Hyman.
3:07 of 2nd period - Shot Misses the Net.
3:09 of 2nd period - Wrist shot by Bo Horvat.
3:09 of 2nd period - Shot Misses the Net.
3:11 of 2nd period - Wrist shot by Sebastian Aho.
3:11 of 2nd period - Stopped by Adin Hill without a rebound.
3:12 of 2nd period - Chris Kreider wins face-off versus Barrett Hayton in Chicago Black Hawks zone.
3:13 of 2nd period - Slapshot by Cale Makar.
3:13 of 2nd period - Stopped by Adin Hill with a rebound.
3:39 of 2nd period - Simon Holmstrom is hit by Sebastian Aho and loses puck.
3:47 of 2nd period - Penalty to Trevor Zegras is over, Trevor Zegras is back on ice.
4:07 of 2nd period - Icing by Noah Dobson.
4:08 of 2nd period - Matthew Beniers wins face-off versus J.T. Miller in Chicago Black Hawks zone.
4:08 of 2nd period - Matthew Beniers is hit by J.T. Miller.
4:24 of 2nd period - Snap shot by J.T. Miller.
4:24 of 2nd period - Stopped by Adin Hill without a rebound.
4:25 of 2nd period - Bo Horvat wins face-off versus Barrett Hayton in Chicago Black Hawks zone.
6:06 of 2nd period - Slapshot by Bo Horvat.
6:06 of 2nd period - Deflect By Sebastian Aho.
6:06 of 2nd period - Deflect By Trevor Zegras.
6:06 of 2nd period - Goal by Sebastian Aho - Calgary Flames : 1 - Chicago Black Hawks : 2.
6:07 of 2nd period - Leo Carlsson wins face-off versus Bo Horvat in neutral zone.
6:22 of 2nd period - Snap shot by Sebastian Aho.
6:22 of 2nd period - Stopped by Adin Hill without a rebound.
6:23 of 2nd period - Barrett Hayton wins face-off versus J.T. Miller in Chicago Black Hawks zone.
6:32 of 2nd period - Snap shot by Simon Holmstrom.
6:32 of 2nd period - Goal by Simon Holmstrom - Calgary Flames : 1 - Chicago Black Hawks : 3.
6:33 of 2nd period - Leo Carlsson wins face-off versus J.T. Miller in neutral zone.
6:36 of 2nd period - Wrist shot by Leo Carlsson.
6:36 of 2nd period - Shot Misses the Net.
6:38 of 2nd period - Slapshot by Justin Faulk.
6:38 of 2nd period - Stopped by Anton Forsberg with a rebound.
6:40 of 2nd period - Snap shot by Oliver Bjorkstrand.
6:40 of 2nd period - Shot Blocked by Kris Letang.
6:42 of 2nd period - Wrist shot by Lucas Raymond.
6:42 of 2nd period - Stopped by Anton Forsberg without a rebound.
6:43 of 2nd period - J.T. Miller wins face-off versus Leo Carlsson in Calgary Flames zone.
7:08 of 2nd period - Wrist shot by Lucas Raymond.
7:08 of 2nd period - Shot Misses the Net.
7:10 of 2nd period - Snap shot by Lucas Raymond.
7:10 of 2nd period - Shot Misses the Net.
7:12 of 2nd period - Backhand shot by Justin Faulk.
7:12 of 2nd period - Deflect By Oliver Bjorkstrand.
7:12 of 2nd period - Shot Hit the Post.
7:12 of 2nd period - Puck is out of play.
7:13 of 2nd period - Barrett Hayton wins face-off versus Bo Horvat in Calgary Flames zone.
7:40 of 2nd period - Pavel Zacha is hit by Bobby Brink and loses puck.
7:45 of 2nd period - Wrist shot by Matthew Beniers.
7:45 of 2nd period - Stopped by Anton Forsberg without a rebound.
7:46 of 2nd period - Joel Eriksson Ek wins face-off versus Noah Cates in Calgary Flames zone.
8:17 of 2nd period - Slapshot by Bo Horvat.
8:17 of 2nd period - Stopped by Adin Hill with a rebound.
8:19 of 2nd period - Wrist shot by Zach Hyman.
8:19 of 2nd period - Shot Blocked by Noah Dobson.
8:21 of 2nd period - Slapshot by Drew Doughty.
8:21 of 2nd period - Shot Blocked by Christopher Tanev.
8:23 of 2nd period - Snap shot by Zach Hyman.
8:23 of 2nd period - Shot Misses the Net.
8:25 of 2nd period - Snap shot by Sebastian Aho.
8:25 of 2nd period - Shot Blocked by Trevor Zegras.
9:23 of 2nd period - Slapshot by Trevor Zegras.
9:23 of 2nd period - Deflect By Barrett Hayton.
9:23 of 2nd period - Shot Misses the Net.
9:23 of 2nd period - Puck is out of play.
9:24 of 2nd period - Bo Horvat wins face-off versus Barrett Hayton in Calgary Flames zone.
9:24 of 2nd period - Bo Horvat is hit by Trevor Zegras.
9:35 of 2nd period - Minor Penalty to Justin Faulk for Tripping.
9:36 of 2nd period - J.T. Miller wins face-off versus Barrett Hayton in Chicago Black Hawks zone.
11:14 of 2nd period - Icing by Drew Doughty.
11:15 of 2nd period - J.T. Miller wins face-off versus Simon Holmstrom in Calgary Flames zone.
11:35 of 2nd period - Penalty to Justin Faulk is over, Justin Faulk is back on ice.
12:28 of 2nd period - Snap shot by J.T. Miller.
12:28 of 2nd period - Stopped by Adin Hill with a rebound.
12:40 of 2nd period - Noah Cates is hit by Jeremy Lauzon and loses puck.
13:08 of 2nd period - David Jiricek is hit by Nic Dowd and loses puck.
13:23 of 2nd period - Matthew Tkachuk is hit by Christopher Tanev and loses puck.
13:28 of 2nd period - Slapshot by Morgan Frost.
13:28 of 2nd period - Shot Misses the Net.
13:30 of 2nd period - Slapshot by Christopher Tanev.
13:30 of 2nd period - Deflect By Morgan Frost.
13:30 of 2nd period - Shot Misses the Net.
13:30 of 2nd period - Puck is out of play.
13:31 of 2nd period - J.T. Miller wins face-off versus Morgan Frost in Calgary Flames zone.
13:33 of 2nd period - Minor Penalty to Kris Letang for Hooking.
13:34 of 2nd period - Leo Carlsson wins face-off versus J.T. Miller in Calgary Flames zone.
13:50 of 2nd period - Snap shot by Leo Carlsson.
13:50 of 2nd period - Stopped by Anton Forsberg without a rebound.
13:51 of 2nd period - J.T. Miller wins face-off versus Barrett Hayton in Calgary Flames zone.
14:06 of 2nd period - Snap shot by Joel Eriksson Ek.
14:06 of 2nd period - Stopped by Adin Hill with a rebound.
15:33 of 2nd period - Penalty to Kris Letang is over, Kris Letang is back on ice.
15:43 of 2nd period - Slapshot by Morgan Frost.
15:43 of 2nd period - Shot Blocked by Nic Dowd.
16:39 of 2nd period - Nick Paul is hit by Jonas Brodin and loses puck.
16:50 of 2nd period - Nic Dowd is hit by Cole Sillinger and loses puck.
17:56 of 2nd period - Jonas Brodin is hit by Kris Letang and loses puck.
18:19 of 2nd period - Slapshot by Drew Doughty.
18:19 of 2nd period - Shot Blocked by Jonas Brodin.
18:27 of 2nd period - Snap shot by Nic Dowd.
18:27 of 2nd period - Stopped by Adin Hill with a rebound.
18:30 of 2nd period - Icing by Jonas Brodin.
18:31 of 2nd period - Leo Carlsson wins face-off versus J.T. Miller in Chicago Black Hawks zone.
18:58 of 2nd period - Wrist shot by Lucas Raymond.
18:58 of 2nd period - Stopped by Anton Forsberg with a rebound.
19:00 of 2nd period - Snap shot by Oliver Bjorkstrand.
19:00 of 2nd period - Shot Misses the Net.
19:02 of 2nd period - Slapshot by Jonas Brodin.
19:02 of 2nd period - Stopped by Anton Forsberg with a rebound.
19:10 of 2nd period - Snap shot by Lucas Raymond.
19:10 of 2nd period - Shot Misses the Net.
19:12 of 2nd period - Wrist shot by Leo Carlsson.
19:12 of 2nd period - Stopped by Anton Forsberg without a rebound.
19:13 of 2nd period - Bo Horvat wins face-off versus Barrett Hayton in Calgary Flames zone.
Goals for this period are 1 for Calgary Flames vs 1 for Chicago Black Hawks.
Shots for this period are 13 for Calgary Flames vs 8 for Chicago Black Hawks.
3rd period
0:01 of 3rd period - J.T. Miller wins face-off versus Leo Carlsson in neutral zone.
0:12 of 3rd period - Wrist shot by Lucas Raymond.
0:12 of 3rd period - Stopped by Anton Forsberg with a rebound.
0:14 of 3rd period - Wrist shot by Oliver Bjorkstrand.
0:14 of 3rd period - Shot Misses the Net.
0:16 of 3rd period - Slapshot by Justin Faulk.
0:16 of 3rd period - Goal by Justin Faulk - Calgary Flames : 1 - Chicago Black Hawks : 4.
0:17 of 3rd period - Barrett Hayton wins face-off versus Bo Horvat in neutral zone.
0:24 of 3rd period - Snap shot by Simon Holmstrom.
0:24 of 3rd period - Shot Misses the Net.
1:10 of 3rd period - Wrist shot by Noah Cates.
1:10 of 3rd period - Stopped by Anton Forsberg without a rebound.
1:11 of 3rd period - Bobby Brink wins face-off versus J.T. Miller in Calgary Flames zone.
1:25 of 3rd period - Minor Penalty to Noah Dobson for Tripping.
1:26 of 3rd period - J.T. Miller wins face-off versus Barrett Hayton in Chicago Black Hawks zone.
1:28 of 3rd period - Snap shot by J.T. Miller.
1:28 of 3rd period - Stopped by Adin Hill with a rebound.
1:52 of 3rd period - Christopher Tanev is hit by Zach Hyman and loses puck.
2:59 of 3rd period - Double Minor Penalty to Jeremy Lauzon for High sticking.
3:00 of 3rd period - Matthew Beniers wins face-off versus J.T. Miller in Calgary Flames zone.
3:25 of 3rd period - Penalty to Noah Dobson is over, Noah Dobson is back on ice.
3:43 of 3rd period - Slapshot by Oliver Bjorkstrand.
3:43 of 3rd period - Stopped by Anton Forsberg with a rebound.
3:49 of 3rd period - Slapshot by Noah Dobson.
3:49 of 3rd period - Stopped by Anton Forsberg with a rebound.
3:53 of 3rd period - Snap shot by Oliver Bjorkstrand.
3:53 of 3rd period - Shot Misses the Net.
3:55 of 3rd period - Slapshot by Christopher Tanev.
3:55 of 3rd period - Stopped by Anton Forsberg with a rebound.
3:57 of 3rd period - Slapshot by Oliver Bjorkstrand.
3:57 of 3rd period - Stopped by Anton Forsberg with a rebound.
3:59 of 3rd period - Slapshot by Noah Dobson.
3:59 of 3rd period - Shot Blocked by Alec Martinez.
4:03 of 3rd period - Backhand shot by Barrett Hayton.
4:03 of 3rd period - Deflect By Noah Dobson.
4:03 of 3rd period - Shot Misses the Net.
4:03 of 3rd period - Puck is out of play.
4:04 of 3rd period - Barrett Hayton wins face-off versus J.T. Miller in Calgary Flames zone.
4:09 of 3rd period - Wrist shot by Barrett Hayton.
4:09 of 3rd period - Goal by Barrett Hayton - Calgary Flames : 1 - Chicago Black Hawks : 5.
4:10 of 3rd period - J.T. Miller wins face-off versus Leo Carlsson in neutral zone.
4:12 of 3rd period - Minor Penalty to Drew Doughty for Hooking.
4:13 of 3rd period - Leo Carlsson wins face-off versus Bo Horvat in Calgary Flames zone.
4:39 of 3rd period - Lucas Raymond is hit by Cale Makar.
4:45 of 3rd period - Wrist shot by Leo Carlsson.
4:45 of 3rd period - Shot Misses the Net.
4:47 of 3rd period - Wrist shot by Oliver Bjorkstrand.
4:47 of 3rd period - Deflect By Lucas Raymond.
4:47 of 3rd period - Chicago Black Hawks goal is going for a video replay.
4:47 of 3rd period - The goal is refused. The referee deems the play has been stopped, even if he had not physically had the opportunity to stop play by blowing his whistle..
4:48 of 3rd period - Sebastian Aho wins face-off versus Barrett Hayton in Calgary Flames zone.
4:48 of 3rd period - Sebastian Aho is hit by Barrett Hayton.
5:02 of 3rd period - Snap shot by Barrett Hayton.
5:02 of 3rd period - Stopped by Anton Forsberg with a rebound.
5:52 of 3rd period - Barrett Hayton is hit by Kris Letang and loses puck.
6:09 of 3rd period - Penalty to Jeremy Lauzon is over, Jeremy Lauzon is back on ice.
6:12 of 3rd period - Penalty to Drew Doughty is over, Drew Doughty is back on ice.
6:34 of 3rd period - Snap shot by Sebastian Aho.
6:34 of 3rd period - Shot Blocked by Noah Cates.
6:36 of 3rd period - Slapshot by Drew Doughty.
6:36 of 3rd period - Deflect By Sebastian Aho.
6:36 of 3rd period - Shot Misses the Net.
6:36 of 3rd period - Puck is out of play.
6:37 of 3rd period - Morgan Frost wins face-off versus Joel Eriksson Ek in Chicago Black Hawks zone.
6:39 of 3rd period - Minor Penalty to Cole Sillinger for Hooking.
6:40 of 3rd period - Simon Holmstrom wins face-off versus J.T. Miller in Chicago Black Hawks zone.
8:39 of 3rd period - Penalty to Cole Sillinger is over, Cole Sillinger is back on ice.
9:04 of 3rd period - Drew Doughty is hit by Cole Sillinger and loses puck.
9:10 of 3rd period - Off-side.
9:11 of 3rd period - Nic Dowd wins face-off versus Morgan Frost in neutral zone.
9:20 of 3rd period - Slapshot by Cale Makar.
9:20 of 3rd period - Stopped by Adin Hill with a rebound.
9:41 of 3rd period - Kris Letang is hit by Cole Sillinger and loses puck.
10:16 of 3rd period - Slapshot by Morgan Frost.
10:16 of 3rd period - Stopped by Anton Forsberg without a rebound.
10:17 of 3rd period - Leo Carlsson wins face-off versus J.T. Miller in Calgary Flames zone.
10:47 of 3rd period - Zach Hyman is hit by Jonas Brodin and loses puck.
11:59 of 3rd period - Off-side.
12:00 of 3rd period - Joel Eriksson Ek wins face-off versus Matthew Beniers in neutral zone.
12:04 of 3rd period - Off-side.
12:05 of 3rd period - Leo Carlsson wins face-off versus Joel Eriksson Ek in neutral zone.
12:55 of 3rd period - Minor Penalty to Justin Faulk for Tripping.
12:56 of 3rd period - Simon Holmstrom wins face-off versus J.T. Miller in Chicago Black Hawks zone.
13:10 of 3rd period - Wrist shot by Barrett Hayton.
13:10 of 3rd period - Stopped by Anton Forsberg without a rebound.
13:11 of 3rd period - Bo Horvat wins face-off versus Simon Holmstrom in Calgary Flames zone.
13:11 of 3rd period - Bo Horvat is hit by Leo Carlsson.
13:50 of 3rd period - Slapshot by Cale Makar.
13:50 of 3rd period - Shot Blocked by Leo Carlsson.
13:52 of 3rd period - Snap shot by Mathieu Joseph.
13:52 of 3rd period - Shot Misses the Net.
14:54 of 3rd period - Jonas Brodin is hit by Mathieu Joseph and loses puck.
14:55 of 3rd period - Penalty to Justin Faulk is over, Justin Faulk is back on ice.
15:31 of 3rd period - Snap shot by Bobby Brink.
15:31 of 3rd period - Stopped by Anton Forsberg with a rebound.
15:45 of 3rd period - Joel Eriksson Ek is hit by Cole Sillinger and loses puck.
16:14 of 3rd period - Sebastian Aho is hit by Simon Holmstrom.
16:42 of 3rd period - Backhand shot by Chris Kreider.
16:42 of 3rd period - Shot Misses the Net.
16:44 of 3rd period - Snap shot by J.T. Miller.
16:44 of 3rd period - Shot Misses the Net.
16:54 of 3rd period - Pavel Zacha is hit by Cole Sillinger and loses puck.
17:53 of 3rd period - Zach Hyman is hit by Matthew Beniers and loses puck.
18:28 of 3rd period - Minor Penalty to Matthew Tkachuk for Holding.
18:29 of 3rd period - Barrett Hayton wins face-off versus Joel Eriksson Ek in Calgary Flames zone.
18:44 of 3rd period - Slapshot by Simon Holmstrom.
18:44 of 3rd period - Shot Misses the Net.
19:39 of 3rd period - Christopher Tanev is hit by Joel Eriksson Ek and loses puck.
Goals for this period are 0 for Calgary Flames vs 2 for Chicago Black Hawks.
Shots for this period are 2 for Calgary Flames vs 13 for Chicago Black Hawks.
Back to the Top